 Dungeon Crawl Stone Soup version 0.30-a0-279-g4b46babb21 (webtiles) character file.

Game seed: 9598016199032843184

231237 ytrimaz the Tortoise (level 18, -5/178 HPs)
             Began as a Minotaur Fighter on Oct 13, 2022.
             Was a High Priest of Uskayaw.
             Slain by an alligator snapping turtle (21 damage)
             ... on level 4 of the Shoals on Oct 17, 2022.
             The game lasted 00:50:30 (31352 turns).

ytrimaz the Tortoise (Minotaur Fighter)            Turns: 31352, Time: 00:50:30

Health: -5/178     AC: 31    Str: 38    XL:     18   Next: 78%
Magic:  0/29       EV:  9    Int:  4    God:    Uskayaw [*****.]
Gold:   528        SH:  0    Dex:  8    Spells: 17/17 levels left

rFire   + + .      SeeInvis +    X - +2 battleaxe (flame)
rCold   . . .      Faith    .    (shield currently unavailable)
rNeg    . . .      Spirit   +    U - +2 plate armour {rF+}
rPois   +          Reflect  .    Y - +2 hat of the Bear Spirit {Spirit, *Rage Will++}
rElec   +          Harm     .    Z - +0 cloak of the Curious Quests {rElec rPois Str+4 SInv}
rCorr   .          Rampage  .    n - +2 pair of gloves
Will    +++..      Rage     20%  a - +0 pair of boots {Stlth+}
Stlth   ..........               e - amulet of regeneration
HPRegen 1.29/turn                O - ring of Tucud {rElec rPois Slay+3}
MPRegen 0.21/turn                u - +4 ring of slaying

@: on berserk cooldown
A: horns 2, retaliatory headbutt, fire resistance 1, strong 1
}: 1/15 runes: gossamer
a: Renounce Religion, Stomp, Line Pass, Grand Finale


You were on level 4 of the Shoals.
You worshipped Uskayaw.
Uskayaw was most pleased with you.
You visited 6 branches of the dungeon, and saw 31 of its levels.
You also visited: Ossuary, Bailey and Ice Cave.

You collected 3453 gold pieces.
You spent 2925 gold pieces at shops.


Innate Abilities, Weirdness & Mutations

You have a pair of horns on your head.
You reflexively headbutt those who attack you in melee.
Your flesh is heat resistant. (rF+)
Your muscles are strong. (Str +4, Int/Dex -1)


   Skills:
 - Level 20.0 Fighting
 + Level 18.8 Axes
 - Level 20.4 Armour
 - Level 4.0 Shields
 - Level 17.5 Invocations


You had 17 spell levels left.
You didn't know any spells.
Your spell library contained the following spells:

 Spells                   Type           Power      Damage    Failure   Level
 Apportation              Tloc           0%         N/A       86%         1
 Necrotise                Necr           0%         1d4       86%         1
 Slow                     Hex            0%         N/A       86%         1
 Blink                    Tloc           0%         N/A       95%         2
 Cigotuvi's Dreadful Rot  Necr/Pois/Air  0%         N/A       95%         2
 Ensorcelled Hibernation  Hex/Ice        0%         N/A       95%         2
 Momentum Strike          Conj/Tloc      0%         3d8       95%         2
 Scorch                   Fire           0%         2d5       95%         2
 Confusing Touch          Hex            0%         N/A       99%         3
 Dazzling Flash           Conj/Hex       0%         N/A       99%         3
 Lesser Beckoning         Tloc           0%         N/A       99%         3
 Spider Form              Tmut/Pois      0%         N/A       99%         3
 Vampiric Draining        Necr           0%         2d6       99%         3
 Vhi's Electric Charge    Tloc/Air       0%         N/A       99%         3
 Anguish                  Hex/Necr       0%         N/A       100%        4
 Animate Dead             Necr           0%         N/A       100%        4
 Dispel Undead            Necr           0%         3d6       100%        4
 Flame Wave               Conj/Fire      0%         2d4       100%        4
 Iskenderun's Mystic Bla  Conj/Tloc      0%         2d3       100%        4
 Manifold Assault         Tloc           0%         N/A       100%        4
 Summon Ice Beast         Ice/Summ       0%         N/A       100%        4
 Agony                    Necr           0%         N/A       100%        5
 Alistair's Intoxication  Tmut/Pois      0%         N/A       100%        5
 Arcjolt                  Conj/Air       0%         1d10      100%        5
 Summon Forest            Summ/Tloc      0%         N/A       100%        5
 Summon Mana Viper        Hex/Summ       0%         N/A       100%        5
 Death Channel            Necr           0%         N/A       100%        6
 Dispersal                Tloc           0%         N/A       100%        6
 Eringya's Noxious Bog    Tmut/Pois      0%         N/A       100%        6
 Starburst                Conj/Fire      0%         6d3       100%        6
 Summon Cactus Giant      Summ           0%         N/A       100%        6
 Haunt                    Necr/Summ      0%         N/A       100%        7
 Monstrous Menagerie      Summ           0%         N/A       100%        7
 Summon Hydra             Summ           0%         N/A       100%        7
 Disjunction              Tloc           0%         N/A       100%        8
 Infestation              Necr           0%         N/A       100%        8
 Maxwell's Capacitive Co  Air            0%         ∞         100%        8

Inventory:

Hand Weapons
 A - a +5 vorpal hand axe
   (You took it off an orc on level 6 of the Dungeon)
 E - a +0 broad axe
   (You took it off a vault guard in a bailey)
 X - a +2 battleaxe of flaming (weapon)
   (You took it off a vault guard on level 13 of the Dungeon)
Missiles
 S - 2 throwing nets
Armour
 a - a +0 pair of boots of stealth (worn)
   (You found it on level 13 of the Dungeon)
 c - a +1 buckler
 n - a +2 pair of gloves (worn)
   (You found it on level 4 of the Lair of Beasts)
 U - a +2 plate armour of fire resistance (worn)
   (You found it on level 2 of the Lair of Beasts)
 Y - the +2 hat of the Bear Spirit (worn) {Spirit, *Rage Will++}
   (You bought it in a shop on level 2 of the Orcish Mines)

   Going berserk makes the wearer tougher, and they're slowed less afterward.
   *Rage:     It berserks you when you make melee attacks (+20% chance).
   Will:      It greatly increases your willpower.
 Z - the +0 cloak of the Curious Quests (worn) {rElec rPois Str+4 SInv}
   (You bought it in a shop on level 2 of the Orcish Mines)

   Str:       It affects your strength (+4).
   rElec:     It insulates you from electricity.
   rPois:     It protects you from poison.
   SInv:      It lets you see invisible.
Jewellery
 e - an amulet of regeneration (around neck)
   (You found it on level 13 of the Dungeon)
 j - a +6 ring of strength
   (You found it on level 3 of the Dungeon)
 s - a ring of resist corrosion
   (You found it on level 15 of the Dungeon)
 u - a +4 ring of slaying (right hand)
   (You bought it in a shop on level 9 of the Dungeon)
 F - a ring of magical power
   (You found it on level 9 of the Dungeon)
 M - a ring of flight
   (You took it off a vault guard on level 13 of the Dungeon)
 O - the ring of Tucud (left hand) {rElec rPois Slay+3}
   (You found it on level 1 of the Lair of Beasts)

   [ring of poison resistance]

   Slay:      It affects your accuracy & damage with ranged weapons and melee
   (+3).
   rElec:     It insulates you from electricity.
   rPois:     It protects you from poison.
Wands
 y - a wand of mindburst (19) (quivered)
   (You found it on level 5 of the Dungeon)
 D - a wand of charming (23)
   (You found it on level 6 of the Dungeon)
 H - a wand of digging (11)
   (You found it on level 10 of the Dungeon)
 J - a wand of polymorph (11)
   (You found it on level 10 of the Dungeon)
 Q - a wand of flame (12)
   (You found it on level 2 of the Lair of Beasts)
 T - a wand of iceblast (8)
   (You found it on level 3 of the Spider Nest)
Scrolls
 h - 10 scrolls of teleportation
 p - 6 scrolls of immolation
 w - 6 scrolls of blinking
 x - 2 scrolls of poison
 z - 6 scrolls of enchant armour
 C - a scroll of magic mapping
 G - 4 scrolls of silence
 K - 4 scrolls of butterflies
 L - 7 scrolls of amnesia
 R - 2 scrolls of enchant weapon
 V - a scroll of brand weapon
 W - 2 scrolls of fear
Potions
 b - 3 potions of might
 d - 2 potions of invisibility
 f - 12 potions of mutation
 g - a potion of resistance
 i - 12 potions of heal wounds
 k - 2 potions of berserk rage
 l - 3 potions of ambrosia
 m - 5 potions of magic
 o - 12 potions of brilliance
 q - 3 potions of haste
 r - 2 potions of cancellation
 t - 11 potions of curing
 B - 6 potions of attraction
 I - 6 potions of flight
 P - 3 potions of lignification

Dungeon Overview and Level Annotations

Branches:
Dungeon (15/15) Zot: 25844  Temple (1/1) D:4 Zot: 5886    Lair (5/5) D:10 Zot: 22545
 Shoals (4/4) Lair:2 Zot: 20618  Spider (4/4) Lair:3 Zot: 19588   Slime (0/5) Lair:5
    Orc (2/2) D:10 Zot: 9619     Elf (0/3) Orc:2        Vaults (0/5) D:13
 Depths (0/4) D:15        Ossuary (visited)          Bailey (visited)
  IceCv (visited)

Altars:
Ashenzari
Cheibriados
Dithmenos
Elyvilon
Fedhas
Gozag
Hepliaklqana
Kikubaaqudgha
Makhleb
Nemelex Xobeh
Okawaru
Qazlal
Ru
Sif Muna
Trog
Uskayaw
Vehumet
Wu Jian
Xom
Yredelemnul
Zin
The Shining One
Jiyva
Lugonu

Shops:
D:5 *!   D:9 =:((   D:14 *   D:15 =[=[(   Orc:2 ?[(*[   Shoals:1 :

Portals:
Abyss: Lair:5

Annotations:
Lair:1 1 runed translucent door, croobank's ghost, journeyman NaVM

#..#..~~~..
#..#..~#~~.
#..#.#~~~
#..#.~~#
#..#.~.# #
#..†.~~#c~C'
#..(c~~~#
#t.#.~###
#@)#.H~.~
#†.#.#~.~..
#..#..~#~~.#
#..#..~~~..#
#..#..~~~..#
#..#.c.~...#
#..# #..#
#..#########


You could see an alligator snapping turtle and a satyr (pain bonded).


Message History

You burn the alligator snapping turtle!
You kill the wind drake!
You slash the cyclops! You burn the cyclops.
You kill the cyclops!
You hear a screech! x2
The satyr unwields a +2 vorpal quarterstaff.
The satyr wields a +0 longbow.
The satyr shoots an arrow.
The arrow hits you!
The alligator snapping turtle bites you.
* * * LOW HITPOINT WARNING * * *
😨 HP[-15] MP[-3]
You take 15 damage, and now have 89/178 hp.
You lost 3 mp, and now have 15/29 mp.
Unknown command.
A harpy comes into view.
The alligator snapping turtle bites you!
* * * LOW HITPOINT WARNING * * *
You see here a wind drake corpse. 😨 HP[-7] MP[-1]
You take 7 damage, and now have 82/178 hp.
You lost 1 mp, and now have 14/29 mp.
You slash the alligator snapping turtle!
You burn the alligator snapping turtle.
You headbutt the alligator snapping turtle.
A harpy comes into view.
The harpy claws you but does no damage. The harpy claws you!
* * * LOW HITPOINT WARNING * * *
The alligator snapping turtle bites you!
* * * LOW HITPOINT WARNING * * *
😨 HP[-13] MP[-3]
You take 13 damage, and now have 69/178 hp.
You lost 3 mp, and now have 11/29 mp.
Unknown command.
The harpy screeches!
The harpy barely misses you. You furiously retaliate!
You headbutt the harpy. The harpy claws you.
* * * LOW HITPOINT WARNING * * *
The harpy closely misses you.
The harpy claws you but does no damage. x2
The harpy barely misses you.
The harpy claws you but does no damage. x2
The alligator snapping turtle bites you from afar!!
* * * LOW HITPOINT WARNING * * *
😨 HP[-21] MP[-4]
You take 21 damage, and now have 48/178 hp.
You lost 4 mp, and now have 7/29 mp.
You slice the harpy!! You burn the harpy. You headbutt the harpy!
You slice the harpy!! You burn the harpy. The harpy completely misses you.
The harpy claws you but does no damage. The harpy barely misses you.
The harpy claws you but does no damage. The harpy claws you!
* * * LOW HITPOINT WARNING * * *
The harpy barely misses you.
The alligator snapping turtle bites you but does no damage.
You can now merge with and destroy a victim. 😱 HP[-5] MP[-1]
You take 5 damage, and now have 43/178 hp.
You lost 1 mp, and now have 6/29 mp.
Unknown command.
You feel much better. The harpy claws you!
* * * LOW HITPOINT WARNING * * *
The harpy closely misses you. The harpy barely misses you.
You furiously retaliate!
You headbutt the harpy! The harpy claws you.
* * * LOW HITPOINT WARNING * * *
The harpy claws you.
* * * LOW HITPOINT WARNING * * *
The harpy claws you.
* * * LOW HITPOINT WARNING * * *
The harpy claws you but does no damage. The harpy barely misses you.
The harpy claws you but does no damage. x2
The alligator snapping turtle bites you from afar!
* * * LOW HITPOINT WARNING * * *
The harpy claws you.
* * * LOW HITPOINT WARNING * * *
The harpy claws you but does no damage. 😱 HP[-8] MP[-3]
You take 8 damage, and now have 35/178 hp.
You lost 3 mp, and now have 3/29 mp.
Unknown command.
You slice the harpy!! You burn the harpy.
You kill the harpy!
You slash the harpy! You burn the harpy.
You kill the harpy!
The alligator snapping turtle bites you from afar!
* * * LOW HITPOINT WARNING * * *
😱 HP[-8] MP[-1]
You take 8 damage, and now have 27/178 hp.
You lost 1 mp, and now have 2/29 mp.
Unknown command.
Unknown command.
The alligator snapping turtle is no longer sharing its pain.
The alligator snapping turtle bites you!
* * * LOW HITPOINT WARNING * * *
Things that are here:
a harpy corpse; a wind drake corpse; 😱 HP[-12] MP[-1]
You take 12 damage, and now have 15/178 hp.
You lost 1 mp, and now have 1/29 mp.
Unknown command.
You hit the alligator snapping turtle but do no damage.
You headbutt the alligator snapping turtle!!
You feel yourself speed up.
The satyr shoots an arrow.
The arrow closely misses you.
The alligator snapping turtle bites you!!
You die...

Skill      XL: |  1  2  3  4  5  6  7  8  9 10 11 12 13 14 15 16 17 18 |
---------------+-------------------------------------------------------+-----
Fighting       | 4 5 6 7 8 10 13 16 19 20 | 20.0
Shields        | 4 |  4.0
Armour         | 4 5 6 7 8 10 13 16 19 20 | 20.4
Axes           | 3 4 5 6 8 11 15 16 18 | 18.8
Invocations    | 9 13 17 | 17.5

Action                   |  1- 3 |  4- 6 |  7- 9 | 10-12 | 13-15 | 16-18 || total
-------------------------+-------+-------+-------+-------+-------+-------++-------
Melee: War axe           |    64 |   113 |    90 |       |       |       ||   267
       Headbutt          |     3 |    16 |    42 |    48 |   211 |   183 ||   503
       Hand axe          |       |       |   143 |   291 |   904 |   508 ||  1846
       Battleaxe         |       |       |       |       |       |   182 ||   182
Invok: Grand Finale      |       |       |       |     1 |     3 |     2 ||     6
       Stomp             |       |       |       |       |     6 |     7 ||    13
       Line Pass         |       |       |       |       |     1 |       ||     1
Evoke: Wand              |       |       |       |     3 |       |       ||     3
  Use: Scroll            |     3 |     6 |     7 |    10 |     4 |     7 ||    37
       Potion            |       |       |     2 |     7 |     6 |    10 ||    25
 Stab: Paralysed         |       |       |    18 |    40 |   166 |   125 ||   349
       Petrifying        |       |       |       |       |     2 |       ||     2
       Petrified         |       |       |       |       |     1 |       ||     1
Armor: Scale mail        |    27 |    86 |       |       |       |       ||   113
       Plate armour      |       |     2 |    95 |    78 |   510 |   657 ||  1342
Dodge: Dodged            |    28 |    66 |    60 |    75 |   215 |   291 ||   735
Block: Buckler           |    14 |    46 |   127 |   122 |   317 |   127 ||   753
       Reflection        |       |       |     6 |     7 |    21 |       ||    34

Levels and vault maps discovered:
D:1:      dpeg_arrival_arbitrary_a, layout_basic, minmay_split_cup_small
D:2:      layout_basic, uniq_jessica
D:3:      layout_basic
D:4:      layout_rooms, minmay_temple_entry_hall, minmay_starry_boxes
D:5:      layout_rooms, serial_shops, nicolae_take_the_stairs,
          chequers_ossuary_entry_cave, hangedman_abyss_or_decor_stagger,
          dk_noncrumbling_3, nicolae_shop_sticking_my_neck_out
D:6:      layout_loops_corners
D:7:      layout_basic
D:8:      cheibrodos_steamvent, layout_rooms, amethyst_overflow_temple_binary,
          enter_bailey_2, uniq_prince_ribbit1
D:9:      layout_long_grid, mainiacjoe_overflow_brackets, serial_shops, shop,
          nicolae_shop_behind_doors, shop,
          nicolae_shop_competitors_out_of_business
D:10:     cheibrodos_fzero, layout_loops_ring, gammafunk_temple_overflow_wave,
          bloody_makhleb, dpeg_lair_monsters, solitary_fountain,
          skrybe_limestone_x, uniq_psyche
D:11:     layout_loops_ring
D:12:     layout_roguey
D:13:     layout_rooms, grunt_vaults_entry_tiered, ashenzari_altar_1
D:14:     layout_loops_corners, nicolae_gozag_zags_fifth_avenue,
          portal_ice_cave_entry_pillars_1, nicolae_wu_jian_wuxing_cycle
D:15:     hangedman_depths_entry_civil_slaughter, layout_basic,
          minmay_misc_feat_four_crosses, serial_shops,
          nicolae_shop_bloodbath_and_beyond, nicolae_lakefront_shop,
          shop_statue, shop_fountains, nicolae_shop_waterfront, uniq_azrael
Temple:   lightli_temple_of_artemis
Lair:1:   layout_long_grid, ebering_ghost_funeral_grove
Lair:2:   layout_gridlike, shoals_dummy_entry, ebering_ghost_reflecting_pool
Lair:3:   layout_regular_city, nicolae_spider_entry_non_spiders
Lair:4:   layout_gridlike
Lair:5:   hellmonk_lair_end_abyssal_woods, layout_layer_cave,
          nicolae_slime_entry_slimehenge, guppyfry_lair_drakes,
          lemuel_fruit_tree
Shoals:1: layout_shoals, serial_shops, shop,
          nicolae_shoals_siren_and_animal_friends, uniq_mlioglotl
Shoals:2: layout_shoals, nicolae_shoals_this_corrosion
Shoals:3: layout_shoals, nicolae_shoals_pincushion_passage, uniq_ilsuiw
Shoals:4: shoals_end_hellmonk_storm_palace [storm_palace_center_ruins,
          storm_palace_corner_reverse_hut, storm_palace_corner_reverse_hut,
          storm_palace_corner_reverse_hut, storm_palace_corner_grid]
Spider:1: layout_spider_delve, gammafunk_ghost_arena, uniq_josephine
Spider:2: layout_spider_delve
Spider:3: layout_spider_delve, uniq_asterion, uniq_arachne
Spider:4: grunt_spider_rune_island, drop_trap
Orc:1:    layout_diamond_mine, mines_bat_river
Orc:2:    grunt_orc_community_town_hall, layout_diamond_mine,
          grunt_orc_community_big_house_1, grunt_orc_community_big_house_2,
          grunt_orc_community_house_2, grunt_orc_community_house_2,
          grunt_orc_community_house_1, grunt_orc_community_house_1, basic_altar,
          serial_shops, shop

Notes
Turn   | Place    | Note
-------+----------+-------------------------------------------
     0 | D:1      | ytrimaz the Minotaur Fighter began the quest for the Orb.
     0 | D:1      | Reached XP level 1. HP: 19/19 MP: 0/0
     0 | D:1      | magus.rc [v1.9.6]
     1 | D:1      | You pick up a book of Spatial Translocations and begin
                  | reading...
     1 | D:1      | You add the spells Blink, Momentum Strike and Lesser
                  | Beckoning to your library.
   540 | D:1      | Reached XP level 2. HP: 27/27 MP: 1/1
  1019 | D:2      | Reached skill level 4 in Fighting
  1019 | D:2      | Reached skill level 4 in Shields
  1108 | D:2      | Reached skill level 4 in Armour
  1110 | D:2      | Reached skill level 3 in Axes
  1110 | D:2      | Reached XP level 3. HP: 23/33 MP: 2/2
  1203 | D:2      | Noticed Jessica
  1205 | D:2      | Killed Jessica
  1604 | D:2      | Reached XP level 4. HP: 41/41 MP: 3/3
  1786 | D:3      | Reached skill level 4 in Axes
  1786 | D:3      | Reached XP level 5. HP: 28/47 MP: 4/4
  1794 | D:3      | Reached skill level 5 in Fighting
  1802 | D:3      | Reached skill level 5 in Armour
  2281 | D:3      | Identified a scroll of acquirement
  2490 | D:4      | You pick up a book of Necromancy and begin reading...
  2490 | D:4      | You add the spells Necrotise, Vampiric Draining and Agony
                  | to your library.
  2523 | D:4      | Reached XP level 6. HP: 51/56 MP: 5/5
  2614 | D:4      | Reached skill level 5 in Axes
  2792 | D:4      | Reached skill level 6 in Fighting
  2795 | D:4      | Reached skill level 6 in Armour
  3050 | D:4      | Found a staircase to the Ecumenical Temple.
  3057 | Temple   | Entered the Ecumenical Temple
  3147 | Temple   | Became a worshipper of Uskayaw the Reveller
  3268 | D:4      | Reached * piety under Uskayaw
  3342 | D:5      | Entered Level 5 of the Dungeon
  3350 | D:5      | You pick up a book of Scorching and begin reading...
  3350 | D:5      | You add the spells Scorch, Flame Wave and Summon Cactus
                  | Giant to your library.
  3363 | D:5      | Reached ** piety under Uskayaw
  3414 | D:5      | Found a sand-covered staircase.
  3425 | D:5      | Reached *** piety under Uskayaw
  3426 | D:5      | Reached XP level 7. HP: 53/63 MP: 6/6
  3429 | D:5      | Reached **** piety under Uskayaw
  3440 | D:5      | Found Oteati's Neck Hole.
  3489 | Ossuary  | Entered an ossuary
  3549 | Ossuary  | Reached skill level 6 in Axes
  3591 | Ossuary  | Reached ***** piety under Uskayaw
  3592 | Ossuary  | Reached skill level 7 in Fighting
  3592 | Ossuary  | Reached skill level 7 in Armour
  3603 | Ossuary  | Noticed a silent spectre
  3768 | D:5      | You pick up a book of Dreams and begin reading...
  3768 | D:5      | You add the spells Ensorcelled Hibernation, Spider Form and
                  | Anguish to your library.
  3797 | D:5      | Reached XP level 8. HP: 73/73 MP: 7/7
  3808 | D:5      | Found Izaufele's Distillery.
  4102 | D:5      | Reached skill level 7 in Axes
  4437 | D:6      | Reached skill level 8 in Fighting
  4437 | D:6      | Reached skill level 8 in Armour
  4756 | D:6      | Reached skill level 8 in Axes
  4801 | D:6      | Reached XP level 9. HP: 82/82 MP: 8/8
  4804 | D:6      | Identified the +7 mace "Rehum" {holy, Will+}
  5143 | D:6      | magus.rc [v1.9.6]
  5275 | D:7      | Reached skill level 9 in Fighting
  5279 | D:7      | Reached skill level 9 in Armour
  5479 | D:7      | Reached skill level 9 in Axes
  6182 | D:8      | Found a glowing golden altar of the Shining One.
  6194 | D:8      | Found a sacrificial altar of Ru.
  6222 | D:8      | Found a flagged portal.
  6236 | D:8      | Reached skill level 10 in Fighting
  6236 | D:8      | Reached skill level 10 in Armour
  6242 | Bailey   | Entered a bailey
  6289 | Bailey   | Reached skill level 10 in Axes
  6311 | Bailey   | Reached ****** piety under Uskayaw
  6315 | Bailey   | Reached skill level 11 in Axes
  6425 | Bailey   | Reached XP level 10. HP: 80/93 MP: 9/9
  6471 | Bailey   | Noticed a vault guard
  6481 | Bailey   | Killed a vault guard
  6482 | Bailey   | Reached skill level 12 in Axes
  6527 | Bailey   | Noticed a vault guard
  6541 | Bailey   | Killed a vault guard
  6542 | Bailey   | Reached skill level 13 in Axes
  6727 | D:8      | Noticed Prince Ribbit
  6738 | D:8      | Killed Prince Ribbit
  6741 | D:8      | You pick up a book of the Warp and begin reading...
  6741 | D:8      | You add the spells Manifold Assault, Dispersal and
                  | Disjunction to your library.
  6890 | D:8      | Reached skill level 14 in Axes
  7145 | D:9      | Found Robeud's Weapon Shop.
  7165 | D:9      | Found Worphoa's Antique Weapon Shop.
  7247 | D:9      | Found Taomiu's Book Boutique.
  7258 | D:9      | Reached skill level 15 in Axes
  7263 | D:9      | Reached XP level 11. HP: 75/99 MP: 10/10
  7367 | D:9      | Found a shimmering altar of Xom.
  7376 | D:9      | Noticed a two-headed ogre
  7385 | D:9      | Killed a two-headed ogre
  7386 | D:9      | Reached skill level 1 in Invocations
  7442 | D:9      | Found Xyetsil's Jewellery Shop.
  7548 | D:9      | Acquired 719 gold pieces
  7662 | D:9      | You pick up a book of Beasts and begin reading...
  7662 | D:9      | You add the spells Summon Ice Beast, Summon Mana Viper and
                  | Monstrous Menagerie to your library.
  7934 | D:9      | Bought a +4 ring of slaying for 1014 gold pieces
  7937 | D:10     | Entered Level 10 of the Dungeon
  7947 | D:10     | Noticed an orc knight
  7949 | D:10     | Noticed a brown ugly thing
  7960 | D:10     | Reached skill level 2 in Invocations
  7962 | D:10     | Noticed a green ugly thing
  7966 | D:10     | Reached skill level 16 in Axes
  7966 | D:10     | Reached skill level 3 in Invocations
  7966 | D:10     | Killed an orc knight
  7968 | D:10     | Noticed a boulder beetle
  7969 | D:10     | Reached skill level 4 in Invocations
  7991 | D:10     | Killed a brown ugly thing
  7992 | D:10     | Reached skill level 5 in Invocations
  7996 | D:10     | HP: 30/148 [boulder beetle (12)]
  8000 | D:10     | HP: 13/148 [gnoll bouda/+0 club (4)]
  8003 | D:10     | Killed a boulder beetle
  8003 | D:10     | Killed a purple ugly thing
  8004 | D:10     | Reached skill level 6 in Invocations
  8005 | D:10     | HP: 7/99 [poisoned by a killer bee]
  8030 | D:10     | HP: 10/99 [centaur/arrow (8)]
  8031 | D:10     | HP: 2/99 [centaur/arrow (8)]
  8312 | D:10     | Noticed Psyche
  8314 | D:10     | Reached skill level 7 in Invocations
  8319 | D:10     | Killed Psyche
  8360 | D:10     | Found a staircase to the Orcish Mines.
  8414 | D:10     | Paralysed by a hornet for 3 turns
  8597 | D:10     | Found a staircase to the Lair.
  8598 | D:10     | Noticed a death yak
  8599 | D:10     | Noticed a death yak
  8599 | D:10     | Noticed a death yak
  8599 | D:10     | Noticed a death yak
  8601 | D:10     | Noticed a death yak
  8611 | D:10     | Killed a death yak
  8612 | D:10     | Reached skill level 8 in Invocations
  8614 | D:10     | Killed a death yak
  8614 | D:10     | Killed a death yak
  8616 | D:10     | Killed a death yak
  8617 | D:10     | Reached skill level 9 in Invocations
  8617 | D:10     | Reached XP level 12. HP: 94/106 MP: 15/18
  8617 | D:10     | Killed a death yak
  8620 | D:10     | Reached skill level 10 in Invocations
  8737 | D:10     | Found a burning altar of Makhleb.
  8990 | D:10     | Found an ancient bone altar of Kikubaaqudgha.
  8990 | D:10     | Found a snail-covered altar of Cheibriados.
  9239 | Orc:1    | Entered Level 1 of the Orcish Mines
  9364 | D:11     | Noticed a two-headed ogre
  9372 | D:11     | Killed a two-headed ogre
  9373 | D:11     | Reached skill level 11 in Invocations
  9486 | D:11     | Noticed a two-headed ogre
  9493 | D:11     | Killed a two-headed ogre
 10197 | Lair:1   | Entered Level 1 of the Lair of Beasts
 10201 | Lair:1   | Identified the ring of Tucud {rElec rPois Slay+3}
 10298 | Lair:1   | Reached skill level 12 in Invocations
 10522 | Lair:1   | Noticed a death yak
 10523 | Lair:1   | Noticed a death yak
 10524 | Lair:1   | Noticed a death yak
 10527 | Lair:1   | Noticed a death yak
 10534 | Lair:1   | Killed a death yak
 10536 | Lair:1   | Killed a death yak
 10540 | Lair:1   | Killed a death yak
 10541 | Lair:1   | Reached skill level 13 in Invocations
 10541 | Lair:1   | Killed a death yak
 10929 | Lair:1   | Reached XP level 13. HP: 90/113 MP: 22/22
 11118 | Lair:1   | Found a runed translucent door.
 11121 | Lair:1   | Noticed croobank's ghost (journeyman NaVM)
 11121 | Lair:1   | Identified the +10 trident of the Gnashing Augurer {venom,
                  | rC++}
 11308 | Lair:2   | Reached skill level 14 in Invocations
 11766 | Lair:2   | Found a runed translucent door.
 11771 | Lair:2   | Reached skill level 15 in Invocations
 11817 | Lair:2   | Noticed themarg's ghost (journeyman MiMo)
 11957 | Lair:2   | Found a staircase to the Shoals.
 12347 | Lair:2   | You add the spells Vhi's Electric Charge, Arcjolt and
                  | Maxwell's Capacitive Coupling to your library.
 12505 | Lair:2   | Killed themarg's ghost
 12708 | Lair:3   | Reached skill level 16 in Invocations
 12709 | Lair:3   | HP: 42/169 [death yak (2)]
 12717 | Lair:3   | HP: 23/113 [cane toad (8)]
 12718 | Lair:3   | HP: 11/113 [cane toad (12)]
 12723 | Lair:3   | HP: 15/113 [cane toad (8)]
 12978 | Lair:3   | Found a hole to the Spider Nest.
 13100 | Lair:3   | You add the spells Summon Forest, Eringya's Noxious Bog and
                  | Summon Hydra to your library.
 13154 | Lair:3   | Reached skill level 17 in Invocations
 13575 | Lair:3   | Reached XP level 14. HP: 114/121 MP: 25/25
 13965 | Spider:1 | Entered Level 1 of the Spider Nest
 14276 | Lair:4   | Identified the +8 rapier "Asosufa" {freeze, *Slow Fly rC+++
                  | Int-3}
 14922 | Lair:5   | Entered Level 5 of the Lair of Beasts
 14998 | Lair:5   | Found a staircase to the Slime Pits.
 14999 | Lair:5   | Found a viscous altar of Jiyva.
 15552 | Lair:5   | Reached skill level 11 in Armour
 15553 | Lair:5   | Reached skill level 11 in Fighting
 16399 | Lair:5   | Reached skill level 12 in Armour
 16402 | Lair:5   | Reached skill level 12 in Fighting
 17057 | Lair:5   | Found a corrupted altar of Lugonu.
 17057 | Lair:5   | Found a one-way gate to the infinite horrors of the Abyss.
 17063 | Lair:5   | Reached skill level 13 in Fighting
 17063 | Lair:5   | Reached skill level 13 in Armour
 18353 | Orc:2    | Entered Level 2 of the Orcish Mines
 18375 | Orc:2    | Found a staircase to the Elven Halls.
 18444 | Orc:2    | Found Zing's Antique Armour Shop.
 18605 | Orc:2    | Found Cileoschy's Magic Scroll Emporium.
 18946 | Orc:2    | Found Met Nee's Assorted Antiques.
 18991 | Orc:2    | Bought a masterwork cloak for 247 gold pieces
 18991 | Orc:2    | Identified the +0 cloak of the Sturgeon {rElec} (You bought
                  | it in a shop on level 2 of the Orcish Mines)
 19051 | Orc:2    | Noticed an orc warlord
 19056 | Orc:2    | Found Denaorgha's Antique Armour Emporium.
 19065 | Orc:2    | Reached XP level 15. HP: 68/137 MP: 26/26
 19069 | Orc:2    | HP: 33/137 [orc warrior/+0 battleaxe (21)]
 19081 | Orc:2    | Found Pafoups's Antique Weapon Shoppe.
 19353 | Orc:2    | Bought the +2 hat of the Bear Spirit {Spirit, *Rage Will++}
                  | for 802 gold pieces
 19353 | Orc:2    | Found the +2 hat of the Bear Spirit {Spirit, *Rage Will++}
 19353 | Orc:2    | Bought a steaming cloak for 218 gold pieces
 19353 | Orc:2    | Identified the +0 cloak of the Curious Quests {rElec rPois
                  | Str+4 SInv} (You bought it in a shop on level 2 of the
                  | Orcish Mines)
 19938 | D:12     | Found the +2 ratskin cloak {*Rats rPois rN+ Str-1 Int-1
                  | Dex+1}
 19949 | D:12     | Reached skill level 14 in Armour
 20113 | D:12     | Reached skill level 14 in Fighting
 20351 | D:13     | HP: 34/138 [purple ugly thing (8)]
 20728 | D:13     | Found a gate to the Vaults.
 20883 | D:13     | Found a broken altar of Ashenzari.
 21224 | D:13     | Reached skill level 15 in Armour
 21371 | D:14     | Reached skill level 15 in Fighting
 21560 | D:14     | Found an opulent altar of Gozag.
 21560 | D:14     | Found Gozag's Platinum Reserve.
 21597 | D:14     | Found a frozen archway.
 21617 | IceCv    | Entered an ice cave
 21686 | D:14     | Found an ornate altar of the Wu Jian Council.
 22248 | D:15     | Entered Level 15 of the Dungeon
 22351 | D:15     | Found Arghuz's Armour Boutique.
 22485 | D:15     | Found a staircase to the Depths.
 22542 | D:15     | Found Gupifiti's Weapon Boutique.
 22558 | D:15     | Noticed Azrael
 22579 | D:15     | Killed Azrael
 22689 | D:15     | Reached skill level 16 in Armour
 22691 | D:15     | Found Cugotsowk's Armour Shoppe.
 22829 | D:15     | Reached skill level 16 in Fighting
 22999 | D:15     | Found Jaxt's Jewellery Boutique.
 23065 | D:15     | Found Efoanlaih's Jewellery Emporium.
 23470 | Spider:1 | Found a transporter.
 23470 | Spider:1 | Noticed brknglss's ghost (journeyman GnWn)
 23484 | Spider:1 | Noticed an emperor scorpion
 23674 | Spider:1 | Found a transporter.
 23685 | Spider:1 | Killed an emperor scorpion
 23697 | Spider:1 | Killed brknglss's ghost
 23780 | Spider:1 | Reached XP level 16. HP: 109/152 MP: 18/27
 23942 | Spider:1 | Noticed Josephine
 23952 | Spider:1 | Killed Josephine
 23967 | Spider:1 | You pick up a book of Death and begin reading...
 23967 | Spider:1 | You add the spells Animate Dead, Haunt and Infestation to
                  | your library.
 24318 | Spider:1 | Reached skill level 17 in Armour
 24334 | Spider:1 | Reached skill level 17 in Fighting
 24805 | Spider:2 | HP: 37/155 [wolf spider (10)]
 24815 | Spider:2 | HP: 30/155 [wolf spider (13)]
 25688 | Spider:3 | Noticed Arachne
 25690 | Spider:3 | Noticed Asterion
 25708 | Spider:3 | Killed Asterion
 25710 | Spider:3 | Killed Arachne
 25913 | Spider:3 | Reached skill level 18 in Armour
 26063 | Spider:3 | Reached skill level 18 in Fighting
 26437 | Spider:3 | You pick up a book of Debilitation and begin reading...
 26437 | Spider:3 | You add the spells Slow and Confusing Touch to your
                  | library.
 26602 | Spider:4 | Entered Level 4 of the Spider Nest
 26714 | Spider:4 | Identified a potion of experience
 27063 | Spider:4 | Reached skill level 19 in Armour
 27069 | Spider:4 | Reached skill level 19 in Fighting
 27096 | Spider:4 | HP: 39/160 [emperor scorpion (3)]
 27247 | Spider:4 | Reached XP level 17. HP: 168/168 MP: 28/28
 27470 | Spider:4 | Got a gossamer rune of Zot
 27739 | Lair:3   | Reached skill level 20 in Fighting
 27739 | Lair:3   | Reached XP level 18. HP: 178/178 MP: 29/29
 27794 | Shoals:1 | Entered Level 1 of the Shoals
 27848 | Shoals:1 | Found Tamuxt's Book Shoppe.
 28012 | Orc:2    | Bought a fine plate armour for 644 gold pieces
 28012 | Orc:2    | Identified the +1 plate armour "Jianakef" {Rampage Str-2
                  | Int+5 Stlth+} (You bought it in a shop on level 2 of the
                  | Orcish Mines)
 28299 | Shoals:1 | You pick up a book of Party Tricks and begin reading...
 28299 | Shoals:1 | You add the spells Apportation and Alistair's Intoxication
                  | to your library.
 28401 | Shoals:1 | Noticed Mlioglotl
 28408 | Shoals:1 | Killed Mlioglotl
 28412 | Shoals:1 | Upgraded the game from 0.30-a0-263-ge22c4ad894 to
                  | 0.30-a0-279-g4b46babb21
 28412 | Shoals:1 | magus.rc [v1.9.6]
 28578 | Shoals:1 | Reached skill level 20 in Armour
 28772 | Shoals:1 | Gained mutation: Your movements are slightly less
                  | encumbered by armour. (ER -2) [potion of mutation]
 28772 | Shoals:1 | Gained mutation: Potions are less effective at restoring
                  | your health. [potion of mutation]
 28773 | Shoals:1 | Lost mutation: Your movements are slightly less encumbered
                  | by armour. (ER -2) [potion of mutation]
 28773 | Shoals:1 | Lost mutation: Potions are less effective at restoring your
                  | health. [potion of mutation]
 28773 | Shoals:1 | Gained mutation: Your muscles are strong. (Str +4, Int/Dex
                  | -1) [potion of mutation]
 28773 | Shoals:1 | Gained mutation: Your flesh is heat resistant. (rF+)
                  | [potion of mutation]
 30000 | Shoals:3 | Reached skill level 17 in Axes
 30289 | Shoals:3 | You pick up a book of Spectacle and begin reading...
 30289 | Shoals:3 | You add the spells Dazzling Flash, Iskenderun's Mystic
                  | Blast and Starburst to your library.
 30455 | Shoals:3 | Noticed Ilsuiw
 30472 | Shoals:3 | Killed Ilsuiw
 30894 | Shoals:4 | Entered Level 4 of the Shoals
 30996 | Shoals:4 | Reached skill level 18 in Axes
 31000 | Shoals:4 | Paralysed by an air elemental for 1 turns
 31186 | Shoals:4 | You pick up a book of Decay and begin reading...
 31186 | Shoals:4 | You add the spells Cigotuvi's Dreadful Rot, Dispel Undead
                  | and Death Channel to your library.
 31242 | Shoals:4 | Paralysed by an air elemental for 1 turns
 31248 | Shoals:4 | Paralysed by an air elemental for 1 turns
 31254 | Shoals:4 | Paralysed by an air elemental for 1 turns
 31319 | Shoals:4 | Paralysed by an air elemental for 1 turns
 31348 | Shoals:4 | HP: 43/178 [harpy (7)]
 31351 | Shoals:4 | HP: 15/178 [alligator snapping turtle (14)]
 31352 | Shoals:4 | Slain by an alligator snapping turtle

Vanquished Creatures
  Arachne (Spider:3)
  Mlioglotl (Shoals:1)
  Asterion (Spider:3)
  5 emperor scorpions
  Ilsuiw (Shoals:3)
  A ghost moth (Spider:3)
  An orc warlord (Orc:2)
  A broodmother (Spider:1)
  Azrael (D:15)
  The ghost of themarg the Severer, a journeyman MiMo of Nemelex Xobeh (Lair:2)
  3 spark wasps
  6 merfolk impalers
  An ettin (D:15)
  5 merfolk javelineers
  An entropy weaver (shapeshifter) (Lair:5)
  7 entropy weavers
  Josephine (Spider:1)
  4 vault guards
  2 alligator snapping turtles (Shoals:1)
  5 jorogumos
  A catoblepas (Lair:4)
  A merfolk avatar (Shoals:1)
  3 hydras
  4 radroaches
  An alligator (Shoals:1)
  2 merfolk aquamancers (Shoals:4)
  2 centaur warriors
  2 boulder beetles
  25 death yaks
  3 satyrs
  3 two-headed ogres
  3 tengu warriors
  An orc high priest (Orc:2)
  2 thrashing horrors (Lair:5)
  4 sea snakes
  3 sun moths
  A steelbarb worm (Spider:4)
  2 deep trolls (D:15)
  6 orb spiders
  2 wizards
  4 necromancers
  6 orc knights
  2 deep elf pyromancers
  11 harpies
  2 orc sorcerers
  16 wolf spiders
  12 ugly things
  13 manticores
  9 fauns
  2 moths of wrath
  5 cyclopes
  5 merfolk sirens
  11 elephants (Lair:3)
  A smoke demon (Lair:5)
  5 water nymphs
  6 black mambas
  8 torpor snails
  A gargoyle (D:11)
  11 cane toads
  An unseen horror (D:10)
  6 rime drakes
  Psyche (D:10)
  5 demonic crawlers (Spider:2)
  3 tengu conjurers (D:14)
  7 komodo dragons
  20 merfolk
  3 ancient zymes (Lair:5)
  A meliai (shapeshifter) (D:15)
  A wind drake (shapeshifter) (Lair:5)
  2 hornets (D:10)
  A polar bear (shapeshifter) (D:15)
  8 trolls
  3 polar bears (Lair:5)
  8 meliai
  2 slime creatures (D:14)
  4 dream sheep (Shoals:3)
  6 wind drakes
  19 tarantellas
  9 snapping turtles
  Prince Ribbit (D:8)
  33 blink frogs
  8 water elementals
  5 air elementals (Shoals:4)
  2 ynoxinuls (Lair:5)
  7 wyverns
  22 culicivoras
  A spriggan (Lair:5)
  27 jumping spiders
  6 wraiths
  A shadow (D:12)
  5 fire elementals (D:15)
  9 basilisks
  55 yaks
  6 vampire mosquitoes
  23 humans
  36 redbacks
  4 steam dragons (D:8)
  A chaos spawn (Lair:5)
  2 wargs (Orc:2)
  An acid dragon (D:10)
  2 hell hounds (D:15)
  17 water moccasins
  3 large abominations (Lair:5)
  2 ice beasts
  2 sky beasts
  2 black bears (D:6)
  33 orc warriors
  11 ogres
  12 centaurs
  5 boggarts (D:14)
  3 wolves (Lair:2)
  10 small abominations (Lair:5)
  22 bullfrogs
  A kobold brigand (D:7)
  7 scorpions
  2 water moccasin zombies (Ossuary)
  5 wights
  7 killer bees
  An electric eel (D:15)
  4 howler monkeys
  5 jellies
  A centaur zombie (Ossuary)
  13 orc priests
  A gnoll bouda (D:10)
  4 hounds
  8 iguanas
  Jessica (D:2)
  32 orc wizards
  2 ogre zombies (Ossuary)
  3 gnolls (D:3)
  12 adders
  A shadow imp (D:5)
  2 white imps (D:6)
  2 ufetubi
  5 adder zombies (Ossuary)
  7 worms
  2 dart slugs
  96 orcs
  12 endoplasms
  3 giant cockroaches
  8 goblins
  8 hobgoblins
  7 jackals
  2 quokkas
  5 ball pythons
  5 bats
  3 frilled lizards (D:1)
  3 gnoll zombies (Ossuary)
  2 goblin zombies (Ossuary)
  2 hobgoblin zombies (Ossuary)
  13 kobolds
  3 orc zombies (Ossuary)
  3 rats
1042 creatures vanquished.

Vanquished Creatures (others)
  The ghost of brknglss the Protected, a journeyman GnWn of Ashenzari (Spider:1)
  A jumping spider (Spider:4)
  An orc wizard (Orc:2)
  25 fungi
  45 plants
73 creatures vanquished.

Grand Total: 1115 creatures vanquished

Table legend:
 A = Non-vault XP
 B = Vault XP
 C = Vault XP percentage of total XP
 D = Non-vault monster count
 E = Vault monster count
 F = Vault count percentage of total count
                 A         B        C        D         E       F
            +---------+---------+-------+---------+---------+-------
      Total |  178092 |  104727 |  37.0 |     686 |     358 |  34.3
            +---------+---------+-------+---------+---------+-------
        D:1 |      25 |       4 |  13.8 |      13 |       3 |  18.8
        D:2 |      32 |      37 |  53.6 |      12 |       1 |   7.7
        D:3 |     184 |       0 |   0.0 |      25 |       0 |   0.0
        D:4 |     292 |     102 |  25.9 |      24 |       7 |  22.6
        D:5 |     355 |       0 |   0.0 |      13 |       0 |   0.0
        D:6 |    1318 |       0 |   0.0 |      24 |       0 |   0.0
        D:7 |    1197 |       0 |   0.0 |      28 |       0 |   0.0
        D:8 |     669 |     791 |  54.2 |      10 |       4 |  28.6
        D:9 |    3327 |       0 |   0.0 |      24 |       0 |   0.0
       D:10 |    2617 |    9949 |  79.2 |      16 |      24 |  60.0
       D:11 |    4141 |       0 |   0.0 |      11 |       0 |   0.0
       D:12 |    2066 |       0 |   0.0 |       9 |       0 |   0.0
       D:13 |    6300 |    7612 |  54.7 |      21 |      25 |  54.3
       D:14 |    5910 |       0 |   0.0 |      18 |       0 |   0.0
       D:15 |    6968 |    6673 |  48.9 |      18 |      14 |  43.8
     Lair:1 |    9053 |       0 |   0.0 |      28 |       0 |   0.0
     Lair:2 |   10324 |     990 |   8.8 |      28 |       1 |   3.4
     Lair:3 |   15268 |     358 |   2.3 |      40 |       8 |  16.7
     Lair:4 |    3488 |       0 |   0.0 |      12 |       0 |   0.0
     Lair:5 |   11670 |   14511 |  55.4 |      32 |      55 |  63.2
   Shoals:1 |    9621 |    5528 |  36.5 |      19 |       6 |  24.0
   Shoals:2 |    4562 |       0 |   0.0 |       9 |       0 |   0.0
   Shoals:3 |   16206 |   10662 |  39.7 |      37 |      15 |  28.8
   Shoals:4 |    5895 |    8949 |  60.3 |      14 |      22 |  61.1
   Spider:1 |   13158 |    9075 |  40.8 |      39 |      16 |  29.1
   Spider:2 |   14692 |       0 |   0.0 |      40 |       0 |   0.0
   Spider:3 |   13807 |    3709 |  21.2 |      36 |       2 |   5.3
   Spider:4 |    8937 |   14869 |  62.5 |      19 |      33 |  63.5
      Orc:1 |    2661 |      16 |   0.6 |      24 |       7 |  22.6
      Orc:2 |    3349 |    6689 |  66.6 |      43 |      70 |  61.9
    Ossuary |       0 |     530 | 100.0 |       0 |      23 | 100.0
     Bailey |       0 |    3673 | 100.0 |       0 |      22 | 100.0
            +---------+---------+-------+---------+---------+-------

Illustrated notes

Table legend:
 A = Kills in this place as a percentage of kills in entire the game.
 B = Kills by you in this place as a percentage of kills by you in the entire game.
 C = Kills by friends in this place as a percentage of kills by friends in the entire game.
 D = Other kills in this place as a percentage of other kills in the entire game.
 E = Experience gained in this place as a percentage of experience gained in the entire game.
 F = Experience gained in this place divided by the number of levels of this place that you have seen.
                   A       B       C       D       E      F
               +-------+-------+-------+-------+-------+----------------------
         Total | 100.0 | 100.0 |   N/A | 100.0 | 100.0 | 8318.2
       Dungeon |  33.0 |  33.0 |   N/A |   0.0 |  21.4 | 4037.9
          Lair |  19.5 |  19.6 |   N/A |   0.0 |  23.2 | 13132.4
        Shoals |  11.7 |  11.7 |   N/A |   0.0 |  21.7 | 15355.8
   Spider Nest |  17.7 |  17.6 |   N/A | 100.0 |  27.7 | 19561.8
  Orcish Mines |  13.8 |  13.8 |   N/A |   0.0 |   4.5 | 6357.5
       Ossuary |   2.2 |   2.2 |   N/A |   0.0 |   0.2 | 530.0
        Bailey |   2.1 |   2.1 |   N/A |   0.0 |   1.3 | 3673.0
               +-------+-------+-------+-------+-------+----------------------

Table legend: (Time is in decaauts)
 A = Elapsed time spent in this place.
 B = Non-inter-level travel time spent in this place.
 C = Inter-level travel time spent in this place.
 D = Time resting spent in this place.
 E = Time spent auto-exploring this place.
 F = Levels seen in this place.
 G = Mean time per level.
                   A        B        C        D        E       F      G
               +--------+--------+--------+--------+--------+-----+--------+
         Total |  31501 |  29258 |   2243 |   1294 |  22763 |  34 |  926.5 |
       Dungeon |  13135 |  12230 |    905 |    266 |  10056 |  15 |  875.7 |
        Temple |    113 |     94 |     19 |      0 |     80 |   1 |  113.0 |
          Lair |   7454 |   6885 |    569 |    208 |   5729 |   5 | 1490.8 |
        Shoals |   3380 |   3229 |    151 |    445 |   2036 |   4 |  845.0 |
   Spider Nest |   4411 |   4059 |    352 |    374 |   2807 |   4 | 1102.8 |
  Orcish Mines |   2380 |   2134 |    246 |      0 |   1750 |   2 | 1190.0 |
       Ossuary |    170 |    170 |      0 |      0 |      0 |   1 |  170.0 |
        Bailey |    451 |    451 |      0 |      0 |    302 |   1 |  451.0 |
      Ice Cave |      3 |      3 |      0 |      0 |      0 |   1 |    3.0 |
               +--------+--------+--------+--------+--------+-----+--------+

Top non-repeatable levels by time:
  Lair:5: 2409 daAuts
    D:10: 1568 daAuts
  Lair:2: 1554 daAuts
   Orc:2: 1474 daAuts
Spider:1: 1384 daAuts
  Lair:3: 1349 daAuts
Shoals:3: 1261 daAuts
  Lair:1: 1129 daAuts
     D:6: 1100 daAuts
    D:13: 1088 daAuts
Spider:2: 1039 daAuts
     D:1: 1028 daAuts
  Lair:4: 1013 daAuts
Spider:3: 994 daAuts
Spider:4: 993 daAuts
